 Dungeon Crawl Stone Soup version 0.27-a0-262-gc50aac273e (webtiles) character file.

Game seed: 11373702400490767996

1379 Borgoz the Skirmisher (level 8, -3/70 HPs)
             Began as a Ghoul Gladiator on Feb 5, 2021.
             Was a Follower of Okawaru.
             Slain by an orc warrior
             ... wielding a +0 glaive
              (25 damage)
             ... on level 6 of the Dungeon.
             The game lasted 00:07:30 (6848 turns).

Borgoz the Skirmisher (Ghoul Gladiator)             Turns: 6848, Time: 00:07:31

Health: -3/70      AC:  7    Str: 18    XL:     8   Next: 66%
Magic:  7/7        EV: 14    Int:  3    God:    Okawaru [*.....]
Gold:   108        SH:  0    Dex: 12    Spells: 7/7 levels left

rFire    . . .     SeeInvis .   a - +1 long sword
rCold    + . .     Faith    .   (no shield)
rNeg     + + +     Spirit   .   b - +0 leather armour
rPois    ∞         Reflect  .   h - +1 hat
rElec    .         Harm     .   m - +2 cloak {rCorr}
rCorr    +         Rampage  .   (no gloves)
Will     .....                  (no boots)
Stlth    +.........             (no amulet)
HPRegen  0.00/turn              (no ring)
MPRegen  0.10/turn              (no ring)

@: mighty
A: claws 1, cold resistance 1, negative energy resistance 3, inhibited
regeneration, torment resistance, unbreathing
a: Renounce Religion, Heroism


You were on level 6 of the Dungeon.
You worshipped Okawaru.
Okawaru was aware of your devotion.
You visited 2 branches of the dungeon, and saw 7 of its levels.
You also visited: Sewer.

You collected 233 gold pieces.
You spent 125 gold pieces at shops.

Inventory:

Hand Weapons
 a - a +1 long sword (weapon)
Missiles
 d - 3 throwing nets (quivered)
Armour
 b - a +0 leather armour (worn)
 h - a +1 hat (worn)
 m - a +2 cloak of preservation (worn)
Wands
 q - a wand of mindburst (4)
 r - a wand of iceblast (6)
Scrolls
 f - 3 scrolls of fear
 g - 2 scrolls of magic mapping
 i - a scroll of enchant armour
 j - 5 scrolls of fog {unknown}
 k - 2 scrolls of teleportation
 l - 3 scrolls of remove curse {unknown}
Potions
 c - 2 potions of haste
 e - 2 potions of might
 n - 3 potions of heal wounds
 o - 3 potions of resistance
 p - a potion of brilliance {unknown}
 s - a potion of curing
 u - 2 potions of flight
 v - a potion of magic


   Skills:
 + Level 6.0 Fighting
 + Level 5.4 Long Blades
 - Level 1.7 Throwing
 + Level 4.5 Armour
 + Level 5.4 Dodging


You had 7 spell levels left.
You didn't know any spells.
Your spell library was empty.

Dungeon Overview and Level Annotations

Branches:
Dungeon (6/15)             Temple (1/1) D:5           Sewer (visited)

Altars:
Cheibriados
Elyvilon
Gozag
Hepliaklqana
Kikubaaqudgha
Makhleb
Okawaru
Qazlal
Sif Muna
Uskayaw
Wu Jian
Xom
Yredelemnul
Zin
The Shining One

Shops:
D:4 ?**   D:5 *


Innate Abilities, Weirdness & Mutations

You thrive by killing the living.
You are immune to poison.
You have sharp fingernails.
Your flesh is cold resistant. (rC+)
You are immune to negative energy. (rN+++)
You do not regenerate when monsters are visible.
You are immune to unholy pain and torment.
You can survive without breathing.


Message History

Your Fighting skill increases to level 6!
You hit the orc.
The orc is almost dead.
The orc barely misses you. The orc warrior closely misses you.
You slash the orc!
You kill the orc!
Okawaru accepts your kill.
You feel better. The orc warrior barely misses you.
Found a cloak.
Found a stone staircase leading down.
Things that are here:
a +0 falchion; 4 boomerangs; an orc corpse You hit the orc warrior.
The orc warrior is lightly wounded.
The giant cockroach barely misses you. The orc warrior barely misses you.
The giant cockroach misses you.
You slash the orc warrior!
The orc warrior is severely wounded.
The orc warrior hits you with a +0 glaive!!
You die...

#..# #B# #.# #
#.##..###..# #.###
#........# #.. ##..#.#
#.# #.F...### #†#
#..###...# # #.#
#..###.#.# #.# #.#
#...##..)###...##. #.#
#######.#...).†B@.......
#.#
....)§FO###.#..##o######
#.. ######### #...## >#
### ###.# [# #.# .# # .#
.# .#


You could see an orc warrior and a giant cockroach.

Vanquished Creatures
  An ice beast (D:6)
  5 ogres
  A phantom (D:6)
  3 bullfrogs
  A scorpion (D:6)
  A bullfrog zombie (D:4)
  Crazy Yiuf (D:2)
  3 hounds
  An orc priest (D:5)
  A centaur skeleton (D:6)
  Jessica (D:3)
  2 iguanas (D:5)
  An orc wizard (D:4)
  A worker ant (D:2)
  4 adders
  A gnoll (D:1)
  2 river rats (D:5)
  2 shadow imps
  An adder skeleton (D:5)
  2 worms
  A dart slug (D:2)
  7 leopard geckos
  8 orcs
  13 giant cockroaches
  8 goblins
  8 hobgoblins
  14 jackals
  5 quokkas
  6 ball pythons
  3 bats (D:1)
  4 frilled lizards
  10 kobolds
  A leopard gecko zombie (D:5)
  A quokka zombie (D:5)
  6 rats
130 creatures vanquished.

Notes
Turn   | Place    | Note
-------+----------+-------------------------------------------
     0 | D:1      | Borgoz the Ghoul Gladiator began the quest for the Orb.
     0 | D:1      | Reached XP level 1. HP: 17/17 MP: 0/0
   263 | D:1      | Reached XP level 2. HP: 24/25 MP: 1/1
   312 | D:1      | Reached skill level 1 in Armour
   335 | D:1      | Reached XP level 3. HP: 30/30 MP: 2/2
  1214 | D:2      | Reached skill level 3 in Fighting
  1411 | D:2      | Reached XP level 4. HP: 25/38 MP: 3/3
  1871 | D:2      | Found a runed translucent door.
  1872 | D:2      | Noticed Crazy Yiuf
  2178 | D:2      | Found a shimmering altar of Xom.
  2289 | D:2      | Killed Crazy Yiuf
  2290 | D:2      | Reached XP level 5. HP: 29/45 MP: 4/4
  2563 | D:3      | Found a stormy altar of Qazlal.
  2857 | D:3      | Noticed Jessica
  2860 | D:3      | Killed Jessica
  3204 | D:3      | Found a faded altar of an unknown god.
  3493 | D:4      | You fall into a shaft and drop 2 floors!
  3524 | D:6      | Reached XP level 6. HP: 49/52 MP: 5/5
  3538 | D:5      | Entered Level 5 of the Dungeon
  3584 | D:5      | Reached skill level 4 in Fighting
  3620 | D:5      | Found a glowing drain.
  3732 | Sewer    | Entered a sewer
  3962 | Sewer    | Reached XP level 7. HP: 56/60 MP: 6/6
  4546 | D:5      | Found a hide-covered altar of Uskayaw.
  4580 | D:5      | Found a staircase to the Ecumenical Temple.
  4590 | Temple   | Entered the Ecumenical Temple
  4666 | Temple   | Became a worshipper of Warmaster Okawaru
  4793 | D:5      | Found an opulent altar of Gozag.
  4934 | D:4      | Found Sivaegg's Assorted Antiques.
  5040 | D:4      | Bought a scroll labelled NECHYT EDALIV for 25 gold pieces
  5247 | D:4      | Found Bett's Magic Scroll Boutique.
  5269 | D:4      | Bought a scroll of identify for 26 gold pieces
  5269 | D:4      | Bought a scroll of identify for 26 gold pieces
  5305 | D:4      | Found Sopior's General Store.
  5308 | D:4      | Reached skill level 5 in Fighting
  5311 | D:4      | Bought a scroll of identify for 24 gold pieces
  5311 | D:4      | Bought a scroll of identify for 24 gold pieces
  6246 | D:5      | Found Gozag's Platinum Reserve.
  6427 | D:6      | Reached XP level 8. HP: 64/68 MP: 7/7
  6671 | D:6      | Reached skill level 5 in Long Blades
  6671 | D:6      | Reached skill level 5 in Dodging
  6819 | D:6      | Reached * piety under Okawaru
  6844 | D:6      | Reached skill level 6 in Fighting
  6848 | D:6      | Slain by an orc warrior

Illustrated notes

Levels and vault maps discovered:
D:1:      elethiomel_arrival_shortcut, layout_loops_ring, minmay_ruptured
D:2:      layout_basic, tgw_xom, uniq_crazy_yiuf_cottage
D:3:      layout_loops_ring, chequers_ecumenical_altar_simple,
          nicolae_qazlal_general_emergency, uniq_jessica
D:4:      layout_basic, serial_shops, nicolae_shop_crystal, shop,
          nicolae_shop_trees
D:5:      layout_gridville, marbit_many_paths, minmay_temple_entry_mist,
          portal_sewer_entry_c, nicolae_gozag_zags_fifth_avenue
D:6:      layout_basic, minmay_starry_boxes
Temple:   jpeg_temple_clearing

Skill      XL: |  1  2  3  4  5  6  7  8 |
---------------+-------------------------+-----
Long Blades    | 3 4 5 |  5.4
Armour         | 1 2 3 4 |  4.5
Dodging        | 3 4 5 |  5.4
Fighting       | 3 4 5 6 |  6.0
Throwing       | |  1.7

Action                   |  1- 3 |  4- 6 |  7- 9 || total
-------------------------+-------+-------+-------++-------
Melee: Long sword        |   127 |   199 |   172 ||   498
Throw: Throwing net      |     1 |       |     1 ||     2
  Use: Scroll            |     3 |     7 |     8 ||    18
       Potion            |       |     1 |     1 ||     2
 Stab: Held in net/web   |       |       |     1 ||     1
Armor: Leather armour    |    45 |    56 |    73 ||   174
Dodge: Dodged            |    92 |   150 |   149 ||   391
       Rpst.: Long sword |    32 |    40 |    41 ||   113

Table legend: (Time is in decaauts)
 A = Elapsed time spent in this place.
 B = Non-inter-level travel time spent in this place.
 C = Inter-level travel time spent in this place.
 D = Time resting spent in this place.
 E = Time spent auto-exploring this place.
 F = Levels seen in this place.
 G = Mean time per level.
                   A        B        C        D        E       F      G
               +--------+--------+--------+--------+--------+-----+--------+
         Total |   6998 |   6556 |    442 |   1672 |   3657 |   8 |  874.8 |
       Dungeon |   6024 |   5600 |    424 |   1135 |   3474 |   6 | 1004.0 |
        Temple |    140 |    122 |     18 |      0 |    112 |   1 |  140.0 |
         Sewer |    833 |    833 |      0 |    537 |     71 |   1 |  833.0 |
               +--------+--------+--------+--------+--------+-----+--------+

Top non-repeatable levels by time:
     D:2: 1908 daAuts
     D:5: 1122 daAuts
     D:4: 928 daAuts
   Sewer: 833 daAuts
     D:1: 785 daAuts
     D:3: 762 daAuts
     D:6: 516 daAuts
  Temple: 140 daAuts
